 Dungeon Crawl Stone Soup version 0.26-a0-753-g4680b4fa2e (webtiles) character file.

Game seed: 4723319379954075225

(classic levelgen) 1773891 EnegeticOcto the Marksant (level 27, 168/224 HPs)
             Began as a Formicid Artificer on Nov 7, 2020.
             Was an Initiate of Gozag.
             Escaped with the Orb
             ... and 3 runes!
             The game lasted 01:41:58 (59186 turns).

EnegeticOcto the Marksant (Formicid Artificer)     Turns: 59186, Time: 01:41:58

Health: 168/224    AC: 37    Str: 29    XL:     27
Magic:  20/20      EV: 23    Int:  8    God:    Gozag
Gold:   16687      SH: 33    Dex: 21    Spells: 26/26 levels left

rFire    + . .     SeeInvis +   a - +9 longbow (freeze)
rCold    + . .     Faith    .   H - +6 tower shield
rNeg     + + +     Spirit   .   Z - +8 ice dragon scales of Infinity {Harm rF- rC++ Dex+4}
rPois    +         Reflect  +   (helmet unavailable)
rElec    .         Harm     +   F - +2 cloak
rCorr    .         Rampage  .   c - +3 pair of gauntlets of War {Slay+5}
MR       ++...                  C - +2 pair of boots {Fly}
Stlth    +.........             Q - amulet "Wituzum" {Reflect rN+++ SH+5}
HPRegen  0.47/turn              J - ring "Moextawk" {rF+ rC- Dex+6 Slay+3}
MPRegen  0.17/turn              N - ring "Qiowketifu" {rPois rF+}

@: gold aura, flying
A: permanent stasis, dig shafts and tunnels, four strong arms, antennae 3, dopey
2, low mp 1
0: Orb of Zot
}: 3/15 runes: decaying, serpentine, slimy
a: Dig, Shaft Self, Potion Petition, Call Merchant, Bribe Branch, Renounce
Religion, Stop Flying


You escaped.
You worshipped Gozag.
Gozag was extremely pleased with you.
You visited 9 branches of the dungeon, and saw 50 of its levels.
You also visited: Trove and Desolation.

You collected 24228 gold pieces.
You spent 3816 gold pieces at shops.
You paid 3725 gold pieces to Gozag.

Inventory:

Hand Weapons
 a - a +9 longbow of freezing (weapon)
 b - a +1 dire flail
 y - a +0 shortbow
Missiles
 f - 2 throwing nets {!f}
 m - 27 boomerangs
 t - 589 arrows (quivered)
Armour
 c - the +3 pair of gauntlets of War (worn) {Slay+5}

   It affects your accuracy and damage with ranged weapons and melee attacks
   (+5).
 C - a +2 pair of boots of flying (worn)
 F - a +2 cloak (worn)
 H - a +6 tower shield (worn)
 Z - the +8 ice dragon scales of Infinity (worn) {Harm rF- rC++ Dex+4}

   It affects your dexterity (+4).
   It makes you vulnerable to fire.
   It greatly protects you from cold.
   It increases damage dealt and taken.
Jewellery
 J - the ring "Moextawk" (left hand) {rF+ rC- Dex+6 Slay+3}

   [ring of dexterity]

   It affects your dexterity (+6).
   It affects your accuracy and damage with ranged weapons and melee attacks
   (+3).
   It protects you from fire.
   It makes you vulnerable to cold.
 N - the ring "Qiowketifu" (right hand) {rPois rF+}

   [ring of protection from fire]

   It protects you from fire.
   It protects you from poison.
 O - an uncursed ring of resist corrosion
 Q - the amulet "Wituzum" (around neck) {Reflect rN+++ SH+5}

   [amulet of reflection]

   It shields you and reflects attacks.
   It renders you almost immune to negative energy.
   It affects your SH (+5).
Wands
 d - a wand of enslavement (22)
 e - a wand of flame (112) {@v4}
 l - a wand of digging (11) {@v3}
 s - a wand of disintegration (5)
 D - a wand of random effects (83)
 P - a wand of iceblast (28) {@v2}
 T - a wand of polymorph (38)
 V - a wand of paralysis (17)
 W - a wand of acid (28) {@v1}
Scrolls
 k - 2 scrolls of immolation
 n - 4 scrolls of identify {@r1}
 q - 15 scrolls of remove curse {@r2}
 v - 10 scrolls of fear {!r}
 w - 8 scrolls of fog {!r}
 x - 2 scrolls of silence
 z - a scroll of summoning
 I - 2 scrolls of holy word
 U - 2 scrolls of vulnerability
 X - 3 scrolls of torment
Potions
 g - 6 potions of attraction
 h - 6 potions of mutation
 i - 6 potions of might {@q3 !q}
 j - 5 potions of invisibility
 p - 14 potions of curing {@q1 !q}
 r - 11 potions of lignification {@q6}
 G - 8 potions of heal wounds {@q2 !q}
 L - 4 potions of ambrosia
 M - 4 potions of flight
 R - 2 potions of cancellation
Miscellaneous
 o - a phial of floods
 u - a tin of tremorstones (2/2)
 B - a lightning rod (4/4)
 E - a phantom mirror
 K - a box of beasts
 Y - a condenser vane


   Skills:
 - Level 19.9 Fighting
 - Level 14.0 Maces & Flails
 - Level 20.0 Bows
 - Level 19.9 Armour
 + Level 15.3 Dodging
 - Level 4.3 Stealth
 - Level 15.0 Shields
 - Level 18.0 Evocations


You had 26 spell levels left.
You didn't know any spells.
Your spell library contained the following spells:

 Spells                   Type           Power        Failure   Level
 Animate Skeleton         Necr           #.....       58%         1
 Beastly Appendage        Tmut           #.....       58%         1
 Foxfire                  Conj/Fire      #...         58%         1
 Pain                     Necr           #...         58%         1
 Shock                    Conj/Air       #...         58%         1
 Sublimation of Blood     Necr           #.........   73%         2
 Wereblood                Tmut           #.......     73%         2
 Confusing Touch          Hex            #.......     91%         3
 Gell's Gravitas          Tloc           #.........   91%         3
 Ignite Poison            Fire/Tmut/Pois #.......     91%         3
 Spider Form              Tmut/Pois      #.........   91%         3
 Static Discharge         Conj/Air       #.......     91%         3
 Stone Arrow              Conj/Erth      #.....       91%         3
 Vampiric Draining        Necr           #.........   91%         3
 Airstrike                Air            #.........   100%        4
 Animate Dead             Necr           #.........   100%        4
 Cause Fear               Hex            #.........   100%        4
 Ice Form                 Ice/Tmut       #.......     100%        4
 Iskenderun's Mystic Bla  Conj/Tloc      #.......     100%        4
 Leda's Liquefaction      Hex/Erth       #.........   100%        4
 Passage of Golubria      Tloc           N/A          100%        4
 Petrify                  Tmut/Erth      #.......     100%        4
 Summon Lightning Spire   Summ/Air       #.......     100%        4
 Agony                    Necr           #.......     100%        5
 Alistair's Intoxication  Tmut/Pois      #........    100%        5
 Blade Hands              Tmut           #.........   100%        5
 Bolt of Magma            Conj/Fire/Erth #.........   100%        5
 Irradiate                Conj/Tmut      #.........   100%        5
 Iskenderun's Battlesphe  Conj           #.......     100%        5
 Lightning Bolt           Conj/Air       #.........   100%        5
 Metabolic Englaciation   Hex/Ice        #.........   100%        5
 Silence                  Hex/Air        #.........   100%        5
 Summon Demon             Summ           #.........   100%        5
 Yara's Violent Unravell  Hex/Tmut       #.........   100%        5
 Dispersal                Tloc           #.........   100%        6
 Eringya's Noxious Bog    Tmut/Pois      #.........   100%        6
 Freezing Cloud           Conj/Ice/Air   #.........   100%        6
 Iron Shot                Conj/Erth      #.........   100%        6
 Ozocubu's Refrigeration  Ice            #.........   100%        6
 Simulacrum               Ice/Necr       #.........   100%        6
 Statue Form              Tmut/Erth      #........    100%        6
 Dragon Form              Tmut           #.........   100%        7
 Malign Gateway           Summ/Tloc      #.........   100%        7
 Monstrous Menagerie      Summ           #.........   100%        7
 Orb of Destruction       Conj           #.........   100%        7
 Spellforged Servitor     Conj/Summ      #.........   100%        7
 Summon Greater Demon     Summ           #.........   100%        7
 Chain Lightning          Conj/Air       #.........   100%        8
 Discord                  Hex            #.........   100%        8
 Lehudib's Crystal Spear  Conj/Erth      #.........   100%        8
 Summon Horrible Things   Summ           #.........   100%        8
 Absolute Zero            Ice            #.........   100%        9
 Dragon's Call            Summ           #.........   100%        9
 Fire Storm               Conj/Fire      #.........   100%        9
 Swiftness                Air            Unusable     N/A         2

Dungeon Overview and Level Annotations

Branches:
Dungeon (15/15)            Temple (0/1) D:7            Lair (6/6) D:11
  Swamp (4/4) Lair:4        Snake (4/4) Lair:3        Slime (5/5) Lair:6
    Orc (2/2) D:9             Elf (0/3) Orc:2        Vaults (4/5) D:14
  Crypt (0/3) Vaults:3     Depths (5/5) D:15            Zot (5/5) Depths:5
Desolation (visited)

Altars:
Ashenzari
Elyvilon
Fedhas
Gozag
Makhleb
Okawaru
Qazlal
Ru
Sif Muna
Trog
Xom
The Shining One

Shops:
D:8 [   D:11 ?*   D:13 *   D:14 *   Orc:2 *[:*   Snake:1 =}=[}   Snake:4 [([?=
Depths:3 [

Portals:
Hell: Depths:3
Abyss: Depths:4
Pandemonium: Depths:3

Annotations:
D:3 1 runed translucent door, Crazy Yiuf; Sigmund
Lair:3 3 runed translucent doors, Borooracs's ghost, journeyman DDFi; Diriag's ghost, journeyman DDFi; Perttuleena's ghost, journeyman GrDe
Lair:5 3 runed translucent doors, happy's ghost, journeyman DrCj
Lair:6 3 runed translucent doors, 1 exclusion, Lohifey's ghost, journeyman HaDe
Depths:5 exclusion: door


Innate Abilities, Weirdness & Mutations

You cannot be hasted, slowed, berserked, paralysed or teleported.
You can dig through walls and to a lower floor.
Your four strong arms can wield two-handed weapons with a shield.
You have a pair of large antennae on your head. (SInv)
You are very dopey. (Int -4)
Your magical capacity is low. (-10% MP)


Message History

(Z) Zot
Where to? (Enter - D:1 @ (x,y), ? - help)
You now have 16656 gold pieces (gained 4).
t - 599 arrows (gained 2)
t - 600 arrows (gained 1)
There is a burning altar of Makhleb here.
You sense a monster nearby.
Unknown command.
You extend your mandibles.
You dig through the rock wall.
You retract your mandibles.
There is a stone staircase leading up here.
You fly upwards.
There is a stone staircase leading down here.
(D) Dungeon (T) Temple (L) Lair (S) Swamp (P) Snake Pit (M) Slime Pits (O) Orcish Mines (E) Elven Halls (V) Vaults (C) Crypt (U) Depths (H) Hell (Z) Zot
Where to? (Enter - D:1 @ (x,y), ? - help)
You sense a monster nearby.
A reaper comes into view. It is wielding a +0 vorpal scythe.
An Orb Guardian comes into view.
You shoot an arrow.
The arrow hits the reaper but does no damage.
You shoot an arrow. The arrow hits the reaper!!
The arrow freezes the reaper.
The reaper is heavily wounded.
You block the reaper's attack.
You shoot an arrow. The arrow completely misses the reaper.
The arrow closely misses the Orb Guardian.
You shoot an arrow. The arrow hits the reaper!
The arrow freezes the reaper.
The reaper is almost dead.
You block the reaper's attack.
You shoot an arrow. The arrow hits the reaper!!
The arrow freezes the reaper.
You kill the reaper!
The Orb Guardian becomes distracted by the nearby gold, dreaming of imaginary riches.
You shoot an arrow. The arrow hits the Orb Guardian!!
The arrow freezes the Orb Guardian!
The Orb Guardian is no longer distracted by gold.
The Orb Guardian is heavily wounded.
You shoot an arrow. The arrow hits the Orb Guardian!!!
The arrow freezes the Orb Guardian!!
You kill the Orb Guardian!
Training target 19.9 for Armour reached!
No target in view!
You now have 16687 gold pieces (gained 31).
t - 596 arrows (gained 3)
You see here a +0 vorpal scythe.
t - 597 arrows (gained 1)
(D) Dungeon (T) Temple (L) Lair (S) Swamp (P) Snake Pit (M) Slime Pits (O) Orcish Mines (E) Elven Halls (V) Vaults (C) Crypt (U) Depths (H) Hell (Z) Zot
Where to? (Enter - D:1 @ (x,y), ? - help)
A Brimstone Fiend comes into view.
Unknown command.
You shoot an arrow. The arrow hits the Brimstone Fiend!
The arrow freezes the Brimstone Fiend.
The Brimstone Fiend is lightly wounded.
You shoot an arrow.
The arrow completely misses the Brimstone Fiend.
You shoot an arrow.
The arrow barely misses the Brimstone Fiend.
You shoot an arrow.
The arrow barely misses the Brimstone Fiend.
The Brimstone Fiend calls on the powers of darkness!
Your body is wracked with pain!
You are too injured to fight recklessly!
You are too injured to fight recklessly!
You are too injured to fight recklessly!
Firing (i - inventory. (/) - cycle)
t - 593 arrows (quivered)
Press: ? - help, Shift-Dir - straight line, f/p - Brimstone Fiend
Aim: a Brimstone Fiend (lightly wounded)
You shoot an arrow. The arrow hits the Brimstone Fiend!!
The arrow freezes the Brimstone Fiend!
The Brimstone Fiend is severely wounded.
Firing (i - inventory. (/) - cycle)
t - 592 arrows (quivered)
Press: ? - help, Shift-Dir - straight line, f/p - Brimstone Fiend
Aim: a Brimstone Fiend (severely wounded)
You shoot an arrow. The arrow hits the Brimstone Fiend!!
The arrow freezes the Brimstone Fiend.
You kill the Brimstone Fiend!
(D) Dungeon (T) Temple (L) Lair (S) Swamp (P) Snake Pit (M) Slime Pits (O) Orcish Mines (E) Elven Halls (V) Vaults (C) Crypt (U) Depths (H) Hell (Z) Zot
Where to? (Enter - D:1 @ (x,y), ? - help)
There is a staircase leading out of the dungeon here.
You start resting.
You sense a monster nearby.
You start resting.
A chaos spawn comes into view.
You shoot an arrow.
The arrow barely misses the chaos spawn.
You shoot an arrow. The arrow hits the chaos spawn!!
The arrow freezes the chaos spawn.
You kill the chaos spawn!
The chaos spawn degenerates into a cloud of primal chaos!
You start resting.
You sense a monster nearby.
You have escaped!

#######....#######.#.# #.#
......'....'รท......#.# #.#
#######....#######.#{#########.#
### #....# ###...........# ..#
##############8..######### ..#
#.....(........# ..#
#.#####$..##8..# ..# #.#
#.....##..# ### #.# ##.@.###.##
#.# #.....##..# #.#####...##8..#
#..............#
############8..# #####


There were no monsters in sight!

Vanquished Creatures
  the Royal Jelly (Slime:5)
  5 orbs of fire
  2 juggernauts (Depths:3)
  8 ancient liches (Zot:5)
  Margery (Depths:3)
  5 Killer Klowns (Zot:5)
  3 curse toes
  Nikola (Snake:4)
  8 golden dragons
  Jory (Vaults:2)
  A Brimstone Fiend (D:1)
  2 electric golems (Zot:5)
  28 Orb Guardians
  13 tentacled monstrosities
  A lich (Depths:5)
  20 acid blobs
  5 quicksilver dragons
  Frances (Snake:1)
  7 death cobs
  A thorn hunter (Swamp:3)
  3 sphinxes
  Kirke (Snake:1)
  5 shadow dragons
  A tengu reaver (Depths:5)
  3 draconian monks
  7 storm dragons
  A storm dragon (shapeshifter) (Depths:3)
  A draconian knight (Depths:5)
  8 fire giants
  7 nagarajas (Snake:4)
  10 azure jellies
  6 draconian scorchers
  Louise (Swamp:4)
  9 frost giants
  3 vault wardens
  An iron dragon (Depths:5)
  2 ghost moths
  2 imperial myrmidons (Desolation)
  9 ironheart preservers
  A balrug (D:2)
  2 spriggan defenders (Depths:3)
  A draconian annihilator (Zot:2)
  A war gargoyle (Vaults:2)
  3 draconian shifters
  2 reapers
  21 very ugly things
  2 entropy weavers (Vaults:4)
  A ghoul (Vaults:3)
  A deep elf demonologist (Vaults:2)
  12 stone giants
  7 green draconians
  3 deep elf annihilators
  7 black draconians
  7 yellow draconians
  2 bunyips (Swamp:2)
  4 white draconians
  2 ettins
  A blizzard demon (D:15)
  9 purple draconians
  4 red draconians
  A deep elf death mage (Vaults:3)
  2 spark wasps (Depths:3)
  An eidolon (Vaults:3)
  3 jiangshi (Depths:3)
  6 death oozes (Slime:5)
  4 crystal guardians (Desolation)
  6 ragged hierophants (Desolation)
  2 eleionomae
  10 yaktaur captains
  A deep elf high priest (Depths:5)
  10 great orbs of eyes
  7 fire dragons
  8 peacekeepers (Desolation)
  3 boulder beetles
  6 vault guards
  13 hydras
  12 naga warriors
  A hell beast (Zot:5)
  10 ice dragons
  A ghost crab (Swamp:4)
  3 rakshasas
  7 servants of whispers (Desolation)
  9 anacondas
  A spriggan air mage (Depths:3)
  6 centaur warriors
  9 alligators
  37 two-headed ogres
  Erica (D:9)
  9 deep troll shamans
  A catoblepas (Lair:2)
  3 death knights
  13 ogre magi
  2 vampire magi
  A death yak (Lair:5)
  5 spriggan berserkers (Depths:3)
  19 naga sharpshooters
  6 deep troll earth magi
  9 shock serpents
  Nergalle (Lair:1)
  4 deep elf knights
  2 goliath frogs
  A sun demon (D:2)
  2 fire crabs (Swamp:4)
  3 iron trolls (Depths:3)
  5 salamander mystics
  5 unseen horrors
  A shadow wraith (Vaults:1)
  A fire crab (shapeshifter) (D:13)
  19 deep trolls
  11 swamp dragons
  5 hell knights (Depths:3)
  8 skeletal warriors
  3 spriggan druids
  2 wizards
  3 bog bodies
  5 flayed ghosts
  2 glowing orange brains (Depths:5)
  2 necromancers
  4 naga ritualists
  4 lindwurms (Snake:4)
  5 deep elf archers
  A tengu zombie (D:15)
  Pikel (D:6)
  A phantasmal warrior (Vaults:4)
  13 ironbrand convokers
  3 manticores
  8 mana vipers
  7 salamanders
  8 orc knights
  An orc sorcerer (Vaults:3)
  4 will-o-the-wisps
  39 ugly things
  14 deep elf magi
  A cyclops (shapeshifter) (Vaults:4)
  5 cyclopes
  A wolf spider zombie (D:15)
  3 shining eyes
  2 wolf spiders
  3 elephants (Lair:6)
  19 moths of wrath
  2 fire giant skeletons (D:15)
  14 guardian serpents
  Maurice (D:8)
  39 black mambas
  22 naga magi
  Joseph (D:9)
  A frost giant skeleton (D:15)
  2 gargoyles (D:14)
  8 vault sentinels
  A cane toad (shapeshifter) (Vaults:3)
  A water nymph (Snake:2)
  A kobold demonologist (D:9)
  A yaktaur (shapeshifter) (Vaults:1)
  11 cane toads
  A rime drake (Lair:1)
  4 freezing wraiths
  A komodo dragon (shapeshifter) (Vaults:4)
  A hellwing (D:2)
  11 komodo dragons
  A red devil (D:2)
  A tengu conjurer (D:14)
  34 yaktaurs
  A queen bee (shapeshifter) (Vaults:4)
  12 tyrant leeches
  6 trolls
  A jumping spider (Vaults:4)
  A polar bear (shapeshifter) (Depths:3)
  7 polar bears
  A tengu simulacrum (Vaults:3)
  Prince Ribbit (D:5)
  47 slime creatures
  44 saltlings (Desolation)
  6 hornets
  14 blink frogs
  A wolf spider simulacrum (D:15)
  A dream sheep (Snake:2)
  A ynoxinul (Depths:5)
  5 redbacks (Vaults:4)
  7 spriggans
  A redback (shapeshifter) (Vaults:3)
  A human (Snake:1)
  4 wyverns
  4 wraiths
  A hog (shapeshifter) (Vaults:1)
  2 hogs (Snake:1)
  72 yaks
  A vampire (D:14)
  14 golden eyes
  3 basilisks
  7 steam dragons (Swamp:4)
  A chaos spawn (D:1)
  6 vampire mosquitoes
  Menkaure (D:6)
  41 nagas
  7 wargs
  11 swamp worms
  13 water moccasins
  A soldier ant (D:13)
  4 swamp drakes (Swamp:4)
  3 floating eyes
  A hornet zombie (D:15)
  5 ice beasts
  A meliai simulacrum (D:14)
  31 orc warriors
  3 sky beasts
  17 black bears
  5 eyes of draining
  A boggart (shapeshifter) (Depths:3)
  44 ogres
  10 boggarts
  7 centaurs
  27 wolves
  3 lemures (D:6)
  A human skeleton (Vaults:4)
  4 big kobolds
  24 bullfrogs
  Blork the orc (D:4)
  A human zombie (Vaults:4)
  4 gnoll sergeants (D:9)
  A glowing shapeshifter simulacrum (Vaults:4)
  10 jellies
  A scorpion (D:10)
  5 killer bees (D:10)
  An elf simulacrum (Vaults:4)
  The ghost of kharz the Ruffian, a weakling DrTm (D:4)
  An electric eel (Lair:4)
  4 howler monkeys
  8 wights
  3 quasits (D:4)
  3 hounds
  4 bullfrog zombies
  3 centaur skeletons
  12 orc priests
  19 orc wizards
  A bullfrog skeleton (D:11)
  6 iguanas
  Ijyb (D:3)
  14 worker ants
  7 hell rats (Lair:2)
  A hound zombie (D:8)
  A worker ant zombie (D:9)
  8 gnolls
  3 howler monkey skeletons (D:10)
  10 adders
  A river rat (D:6)
  2 shadow imps
  2 white imps
  5 ufetubi
  4 oozes
  An adder zombie (D:7)
  2 adder skeletons
  2 worms (D:2)
  2 dart slugs
  6 leopard geckos
  97 orcs
  8 giant cockroaches
  8 goblins
  9 hobgoblins
  9 jackals
  6 quokkas
  4 ball pythons
  A ball python skeleton (D:4)
  7 bats
  4 frilled lizards
  22 kobolds
  A leopard gecko skeleton (D:8)
  A quokka skeleton (D:8)
  A quokka zombie (D:6)
  10 rats
1813 creatures vanquished.

Vanquished Creatures (collateral kills)
  Rupert (D:13)
  A servant of whispers (Desolation)
  A peacekeeper (Desolation)
  2 guardian serpents (Desolation)
  6 saltlings (Desolation)
  A wraith (D:9)
  A centaur (D:9)
13 creatures vanquished.

Vanquished Creatures (others)
  A hydra (Swamp:4)
  A lindwurm (Swamp:4)
  A swamp dragon (Swamp:4)
  A wyvern (D:9)
  A human (Snake:1)
  A steam dragon (Swamp:4)
  A swamp drake (Swamp:4)
  An orc warrior (Vaults:2)
  6 foxfires
  48 fungi
  66 plants
  2 withered plants (D:15)
130 creatures vanquished.

Grand Total: 1956 creatures vanquished

Notes
Turn   | Place    | Note
-------+----------+-------------------------------------------
     0 | D:1      | EnegeticOcto the Formicid Artificer began the quest for the
                  | Orb.
     0 | D:1      | Reached XP level 1. HP: 15/15 MP: 1/1
   172 | D:1      | Reached skill level 2 in Stealth
   186 | D:1      | Reached XP level 2. HP: 9/21 MP: 2/2
   582 | D:1      | Reached skill level 3 in Stealth
   900 | D:1      | Reached XP level 3. HP: 27/27 MP: 3/3
   909 | D:1      | Reached skill level 2 in Fighting
  1436 | D:2      | Found an opulent altar of Gozag.
  1446 | D:2      | Became a worshipper of Gozag Ym Sagoz the Greedy
  1458 | D:2      | Found a burning altar of Makhleb.
  1777 | D:2      | Reached skill level 3 in Fighting
  1777 | D:2      | Reached XP level 4. HP: 35/35 MP: 4/4
  2096 | D:2      | Found a faded altar of an unknown god.
  2815 | D:3      | Reached skill level 4 in Stealth
  2815 | D:3      | Reached XP level 5. HP: 19/42 MP: 5/5
  3045 | D:3      | Noticed Sigmund
  3492 | D:3      | Reached skill level 4 in Fighting
  3520 | D:3      | Found a bloodstained altar of Trog.
  4515 | D:3      | Reached XP level 6. HP: 49/49 MP: 6/6
  4620 | D:3      | Found a runed translucent door.
  4621 | D:3      | Noticed Crazy Yiuf
  4636 | D:3      | Noticed Ijyb
  4674 | D:3      | Killed Ijyb
  4679 | D:3      | Reached skill level 3 in Armour
  4835 | D:4      | Noticed kharz's ghost (weakling DrTm)
  4846 | D:4      | Found a transporter.
  5167 | D:4      | Reached skill level 1 in Maces & Flails
  5302 | D:4      | Found a transporter.
  5357 | D:4      | Reached skill level 2 in Maces & Flails
  5510 | D:4      | Reached skill level 3 in Maces & Flails
  5510 | D:4      | Reached XP level 7. HP: 54/55 MP: 7/7
  5792 | D:4      | Found a white marble altar of Elyvilon.
  6113 | D:4      | Reached skill level 4 in Maces & Flails
  6114 | D:4      | Noticed Blork the orc
  6132 | D:4      | Killed Blork the orc
  6192 | D:4      | Found a glowing golden altar of the Shining One.
  6411 | D:5      | Entered Level 5 of the Dungeon
  6556 | D:5      | Noticed Prince Ribbit
  6690 | D:5      | Killed Prince Ribbit
  6690 | D:5      | Reached skill level 5 in Maces & Flails
  6690 | D:5      | Reached XP level 8. HP: 52/61 MP: 8/8
  6830 | D:5      | Reached skill level 6 in Maces & Flails
  7089 | D:5      | Found a blossoming altar of Fedhas.
  7115 | D:5      | Reached skill level 7 in Maces & Flails
  7696 | D:6      | Noticed Menkaure
  7699 | D:6      | Killed Menkaure
  7699 | D:6      | Reached skill level 8 in Maces & Flails
  7802 | D:6      | Reached XP level 9. HP: 62/66 MP: 9/9
  8027 | D:6      | Reached skill level 9 in Maces & Flails
  8226 | D:6      | Noticed Pikel
  8315 | D:6      | Killed Pikel
  8315 | D:6      | Reached skill level 10 in Maces & Flails
  9151 | D:7      | Reached skill level 1 in Shields
  9178 | D:7      | Reached skill level 5 in Fighting
  9489 | D:7      | Reached skill level 2 in Shields
  9529 | D:7      | Reached skill level 11 in Maces & Flails
  9529 | D:7      | Reached XP level 10. HP: 74/74 MP: 10/10
  9741 | D:7      | Found a staircase to the Ecumenical Temple.
 10042 | D:8      | Found a sacrificial altar of Ru.
 10122 | D:8      | Noticed Maurice
 10135 | D:8      | Killed Maurice
 10135 | D:8      | Reached skill level 6 in Fighting
 10210 | D:8      | Found a sacrificial altar of Ru.
 10683 | D:8      | Found Fotapeck's Antique Armour Shoppe.
 10688 | D:8      | Bought a runed kite shield for 210 gold pieces
 11066 | D:4      | Killed kharz's ghost
 11072 | D:4      | Got the ring "Moextawk" {Dex+6}
 11073 | D:4      | Identified the ring "Moextawk" {rF+ rC- Dex+6 Slay+3} (You
                  | found it on level 4 of the Dungeon)
 11246 | D:9      | Noticed Erica
 11255 | D:9      | Killed Erica
 11255 | D:9      | Reached skill level 12 in Maces & Flails
 11255 | D:9      | Reached skill level 3 in Shields
 11292 | D:9      | Noticed Joseph
 11311 | D:9      | Killed Joseph
 11311 | D:9      | Reached skill level 7 in Fighting
 11349 | D:9      | You fall into a shaft and drop 3 floors!
 11404 | D:11     | Noticed a two-headed ogre
 11437 | D:10     | Entered Level 10 of the Dungeon
 11484 | D:9      | Reached skill level 4 in Shields
 11534 | D:9      | Found a broken altar of Ashenzari.
 11786 | D:9      | Found a staircase to the Orcish Mines.
 11791 | D:9      | Reached XP level 11. HP: 71/84 MP: 11/11
 12034 | D:9      | Reached skill level 5 in Shields
 12243 | D:9      | Reached skill level 8 in Fighting
 12243 | D:9      | Reached skill level 13 in Maces & Flails
 12285 | D:9      | Noticed an orc knight
 12459 | D:10     | Reached skill level 6 in Shields
 12539 | D:10     | Noticed an unseen horror
 12552 | D:10     | Killed an unseen horror
 13000 | D:10     | Found a bloodstained altar of Trog.
 13097 | D:11     | Noticed a two-headed ogre
 13153 | D:11     | Found Ovojyit's Magic Scroll Shop.
 13157 | D:11     | Bought a scroll of summoning for 123 gold pieces
 13157 | D:11     | Bought a scroll of fear for 45 gold pieces
 13193 | D:11     | Killed a two-headed ogre
 13193 | D:11     | Reached skill level 1 in Dodging
 13336 | D:11     | Killed a two-headed ogre
 13336 | D:11     | Reached skill level 2 in Dodging
 13336 | D:11     | Reached skill level 7 in Shields
 13336 | D:11     | Reached skill level 4 in Evocations
 13357 | D:11     | Found a staircase to the Lair.
 13367 | D:11     | Reached skill level 4 in Armour
 13373 | D:11     | Reached XP level 12. HP: 89/92 MP: 12/12
 13510 | D:11     | Found Esit's General Store.
 13519 | D:11     | Bought a scroll of summoning for 133 gold pieces
 13741 | Lair:1   | Entered Level 1 of the Lair of Beasts
 13807 | D:11     | Reached skill level 14 in Maces & Flails
 13955 | Lair:1   | Noticed Nergalle
 13969 | Lair:1   | Reached skill level 3 in Dodging
 14126 | Lair:1   | Reached skill level 5 in Evocations
 14140 | Lair:1   | Reached skill level 5 in Armour
 14144 | Lair:1   | Reached skill level 8 in Shields
 14245 | Lair:1   | Killed Nergalle
 14323 | Lair:1   | Reached skill level 4 in Dodging
 14456 | Lair:1   | Reached skill level 6 in Armour
 14682 | Lair:1   | Reached skill level 9 in Shields
 15056 | Lair:2   | Reached skill level 7 in Armour
 15206 | Lair:2   | Noticed a catoblepas
 15232 | Lair:2   | Killed a catoblepas
 15232 | Lair:2   | Reached skill level 8 in Armour
 15236 | Lair:2   | Reached skill level 1 in Bows
 15272 | Lair:2   | Reached XP level 13. HP: 75/99 MP: 13/13
 15290 | Lair:2   | Reached skill level 2 in Bows
 15471 | Lair:2   | Reached skill level 9 in Fighting
 15477 | Lair:2   | Reached skill level 3 in Bows
 16242 | Lair:3   | Found a staircase to the Snake Pit.
 16375 | Lair:3   | Found a runed translucent gate.
 16376 | Lair:3   | Found a runed translucent gate.
 16377 | Lair:3   | Found a runed translucent gate.
 16554 | Lair:3   | Noticed Borooracs's ghost (journeyman DDFi)
 16554 | Lair:3   | Noticed Perttuleena's ghost (journeyman GrDe)
 16555 | Lair:3   | Noticed Diriag's ghost (journeyman DDFi)
 16638 | Lair:3   | Reached skill level 4 in Bows
 16842 | Lair:3   | Reached skill level 10 in Fighting
 17265 | Lair:4   | Noticed a five-headed hydra
 17276 | Lair:4   | Killed a five-headed hydra
 17276 | Lair:4   | Reached skill level 5 in Bows
 17672 | Lair:4   | Reached skill level 11 in Fighting
 17709 | Lair:4   | Reached skill level 6 in Bows
 17732 | Lair:4   | Found a staircase to the Swamp.
 18445 | Lair:5   | Reached XP level 14. HP: 87/113 MP: 14/14
 18931 | Lair:5   | Found a runed translucent gate.
 18942 | Lair:5   | Found a runed translucent gate.
 18950 | Lair:5   | Found a runed translucent gate.
 18955 | Lair:5   | Noticed happy's ghost (journeyman DrCj)
 19035 | Lair:5   | Reached skill level 7 in Bows
 19064 | Lair:5   | Reached skill level 12 in Fighting
 19614 | Lair:6   | Entered Level 6 of the Lair of Beasts
 19655 | Lair:6   | Found a staircase to the Slime Pits.
 19855 | Lair:6   | Reached skill level 8 in Bows
 20347 | Lair:6   | Reached skill level 9 in Bows
 20491 | Lair:6   | Found a runed translucent gate.
 20492 | Lair:6   | Found a runed translucent gate.
 20492 | Lair:6   | Found a runed translucent gate.
 20493 | Lair:6   | Noticed Lohifey's ghost (journeyman HaDe)
 21460 | D:12     | Reached skill level 10 in Bows
 21816 | Orc:1    | Entered Level 1 of the Orcish Mines
 22244 | Orc:2    | Entered Level 2 of the Orcish Mines
 22244 | Orc:2    | Found a staircase to the Elven Halls.
 23309 | Orc:2    | Reached XP level 15. HP: 109/120 MP: 15/15
 23356 | Orc:2    | Reached skill level 11 in Bows
 23726 | Orc:2    | Reached skill level 12 in Bows
 23822 | Orc:2    | Found Efriu's Book Shoppe.
 23822 | Orc:2    | Found Poemucs's Assorted Antiques.
 23824 | Orc:2    | Found Duthiuke's General Store.
 23824 | Orc:2    | Found Komnih's Antique Armour Shoppe.
 23834 | Orc:2    | Bought a wand of iceblast (9) for 100 gold pieces
 23835 | Orc:2    | Bought a condenser vane for 680 gold pieces
 23835 | Orc:2    | Bought a potion of might for 68 gold pieces
 24566 | D:13     | Noticed Rupert
 24574 | D:13     | Killed Rupert
 24829 | D:13     | Found Icas's Assorted Antiques.
 24867 | D:13     | Found an iron altar of Okawaru.
 25170 | D:13     | Found a portal to a secret trove of treasure.
 25320 | D:14     | Reached skill level 6 in Evocations
 25945 | D:14     | Reached skill level 9 in Armour
 25978 | D:14     | Found Ydghoaq's Assorted Antiques.
 25998 | D:14     | Noticed Nessos
 25999 | D:14     | Noticed Nessos
 25999 | D:14     | Nessos changed into Nessos the death drake
 26000 | D:14     | Noticed Nessos
 26000 | D:14     | Nessos the death drake changed into Nessos the yaktaur
 26004 | D:14     | Killed Nessos the yaktaur
 26080 | D:11     | Bought a scroll of enchant weapon for 97 gold pieces
 26080 | D:11     | Bought a scroll of enchant weapon for 97 gold pieces
 26266 | D:14     | Reached XP level 16. HP: 129/129 MP: 16/16
 26430 | D:14     | Found a gate to the Vaults.
 26616 | D:15     | Entered Level 15 of the Dungeon
 26664 | D:15     | Reached skill level 7 in Evocations
 26696 | D:15     | Reached skill level 13 in Bows
 27033 | D:15     | Reached skill level 13 in Fighting
 27348 | D:15     | Found a staircase to the Depths.
 27547 | D:15     | Reached skill level 10 in Armour
 27847 | Snake:1  | Entered Level 1 of the Snake Pit
 27959 | Snake:1  | Noticed Frances
 27974 | Snake:1  | Killed Frances
 27974 | Snake:1  | Reached skill level 8 in Evocations
 28336 | Snake:1  | Found Haqaul's Jewellery Emporium.
 28374 | Snake:1  | Identified the +1 pair of gloves of Impatience {*Corrode
                  | Str+7} (You found it on level 1 of the Snake Pit)
 28422 | Snake:1  | Noticed Kirke
 28435 | Snake:1  | Killed Kirke
 28487 | Snake:1  | Found Cabbuweo's Gadget Shoppe.
 28487 | Snake:1  | Found Saorumua's Gadget Emporium.
 28488 | Snake:1  | Found Tipoip's Jewellery Emporium.
 28490 | Snake:1  | Found Tatz's Antique Armour Shoppe.
 28508 | Snake:1  | Bought a pair of runed boots for 262 gold pieces
 28513 | Snake:1  | Bought a glowing scarf for 280 gold pieces
 29045 | Snake:2  | Reached XP level 17. HP: 137/137 MP: 17/17
 29667 | Snake:2  | Reached skill level 14 in Bows
 29673 | Snake:2  | Reached skill level 9 in Evocations
 30563 | Snake:3  | Reached skill level 11 in Armour
 31065 | Snake:3  | Identified a scroll of acquirement
 31066 | Snake:3  | Acquired 808 gold pieces
 31135 | Snake:3  | Reached skill level 14 in Fighting
 31872 | Snake:4  | Entered Level 4 of the Snake Pit
 31991 | Snake:4  | Found Udasan's Antique Armour Shoppe.
 32013 | Snake:4  | Found Dilecog's Antique Weapon Shoppe.
 32159 | Snake:4  | Found Migotsoz's Magic Scroll Boutique.
 32207 | Snake:4  | Bought a scroll of acquirement for 1092 gold pieces
 32207 | Snake:4  | Acquired 363 gold pieces
 32358 | Snake:4  | Found Qewy's Jewellery Shop.
 32478 | Snake:4  | Reached skill level 10 in Evocations
 32615 | Snake:4  | Noticed Nikola
 32629 | Snake:4  | Killed Nikola
 32629 | Snake:4  | Reached XP level 18. HP: 125/147 MP: 18/18
 32841 | Snake:4  | Reached skill level 15 in Bows
 32876 | Snake:4  | Reached skill level 12 in Armour
 33357 | Snake:4  | Reached skill level 15 in Fighting
 33482 | Snake:4  | Got a serpentine rune of Zot
 33669 | Snake:4  | Found Focw's Armour Shoppe.
 33688 | Snake:4  | Got a translucent steel ring
 33702 | Snake:4  | Identified the ring "Qiowketifu" {rPois rF+} (You found it
                  | on level 4 of the Snake Pit)
 33732 | Snake:4  | Reached skill level 16 in Bows
 33822 | Snake:4  | Bought a +2 plate armour of poison resistance for 629 gold
                  | pieces
 33981 | Swamp:1  | Entered Level 1 of the Swamp
 34489 | Swamp:2  | Reached XP level 19. HP: 101/155 MP: 19/19
 35618 | Swamp:3  | Reached skill level 17 in Bows
 35762 | Swamp:3  | Noticed a tentacled monstrosity
 35780 | Swamp:3  | Killed a tentacled monstrosity
 35918 | Swamp:4  | Entered Level 4 of the Swamp
 36314 | Swamp:4  | Noticed Louise
 36328 | Swamp:4  | Killed Louise
 36789 | Swamp:4  | Got a decaying rune of Zot
 37018 | Vaults:1 | Entered Level 1 of the Vaults
 37018 | Vaults:1 | Found a ruined gateway.
 37026 | Desolati | Entered the Desolation of Salt
 37390 | Desolati | Reached skill level 18 in Bows
 37606 | Desolati | Got a wavering ruby amulet
 37607 | Desolati | Identified the amulet "Wituzum" {Reflect rN+++ SH+5} (You
                  | found it in the Desolation of Salt)
 37784 | Desolati | Identified the ring of Oroen {+Inv rPois MP-9 Int+5 Stlth-}
                  | (You found it in the Desolation of Salt)
 37820 | Desolati | Reached skill level 10 in Shields
 38155 | Desolati | Identified the Almanac of the Voyage
 38167 | Desolati | Reached XP level 20. HP: 159/162 MP: 20/20
 38953 | Desolati | Identified the cursed +0 chain mail of Henotheism {rF+ rN+
                  | Regen+} (You found it in the Desolation of Salt)
 38958 | Desolati | Identified the ring of Lady Luck {Ice +Inv MR- Dex+8
                  | Stlth+} (You found it in the Desolation of Salt)
 39321 | Vaults:1 | Identified the +8 ice dragon scales of Infinity {Harm rF-
                  | rC++ Dex+4} (You found it on level 1 of the Vaults)
 39361 | Vaults:1 | Reached skill level 11 in Shields
 40855 | Vaults:2 | Reached skill level 19 in Bows
 40988 | Vaults:2 | Reached skill level 12 in Shields
 41480 | Vaults:2 | Found a stormy altar of Qazlal.
 41763 | Vaults:2 | Noticed Jory
 41781 | Vaults:2 | Killed Jory
 41781 | Vaults:2 | Reached XP level 21. HP: 128/168 MP: 21/21
 42642 | Vaults:3 | Reached skill level 13 in Shields
 43906 | Vaults:3 | Found a staircase to the Crypt.
 44087 | Vaults:4 | Reached skill level 20 in Bows
 44280 | Vaults:4 | Reached skill level 14 in Shields
 44364 | Vaults:4 | Acquired the ring "Jodgher" {+Blink rF++ MP+9}
 45024 | Vaults:4 | Reached skill level 15 in Shields
 45319 | Vaults:4 | Reached XP level 22. HP: 175/175 MP: 22/22
 45627 | Vaults:4 | Reached skill level 5 in Dodging
 46463 | Depths:1 | Entered Level 1 of the Depths
 46605 | Depths:3 | Reached skill level 11 in Evocations
 46636 | Depths:3 | Identified the +10 broad axe of Severance {elec, *Slow
                  | rPois MR+++ Int+5}
 46651 | Depths:3 | Reached skill level 6 in Dodging
 46768 | Depths:3 | Noticed a juggernaut
 46784 | Depths:3 | Killed a juggernaut
 46784 | Depths:3 | Reached skill level 13 in Armour
 46851 | Depths:3 | Noticed a juggernaut
 46864 | Depths:3 | Killed a juggernaut
 47283 | Depths:3 | Reached skill level 16 in Fighting
 47297 | Depths:3 | Identified the +5 leather armour "Meri" {rC+ MR+++ Dex-2
                  | SInv}
 47319 | Depths:3 | Reached skill level 7 in Dodging
 47336 | Depths:3 | Identified the cursed +0 short sword "Junamali" {vorpal,
                  | +Rage Int+4 Dex-4}
 47358 | Depths:3 | Reached skill level 12 in Evocations
 47358 | Depths:3 | Reached XP level 23. HP: 147/184 MP: 23/23
 47658 | Depths:3 | Reached skill level 14 in Armour
 47671 | Depths:3 | Reached skill level 8 in Dodging
 47996 | Depths:3 | Found Kaosuhagg's Antique Armour Shop.
 48089 | Depths:3 | Found a snail-covered altar of Cheibriados.
 48091 | Depths:3 | Found a white marble altar of Elyvilon.
 48091 | Depths:3 | Found a shimmering blue altar of Sif Muna.
 48098 | Depths:3 | Found a shimmering altar of Xom.
 48098 | Depths:3 | Found a bloodstained altar of Trog.
 48098 | Depths:3 | Found a sacrificial altar of Ru.
 48140 | Depths:3 | Noticed Margery
 48148 | Depths:3 | Killed Margery
 48200 | Depths:3 | Found a one-way gate leading to the halls of Pandemonium.
 48385 | Depths:3 | Found a gateway to Hell.
 48644 | Depths:4 | Found a one-way gate to the infinite horrors of the Abyss.
 48746 | Depths:5 | Entered Level 5 of the Depths
 48840 | Depths:5 | Reached skill level 13 in Evocations
 48933 | Depths:5 | Noticed a golden dragon
 48985 | Depths:5 | Reached skill level 17 in Fighting
 49039 | Depths:5 | Killed a golden dragon
 49062 | Depths:5 | Noticed a golden dragon
 49068 | Depths:5 | Killed a golden dragon
 49096 | Depths:5 | Reached skill level 9 in Dodging
 49120 | Depths:5 | Found a gate to the Realm of Zot.
 49395 | Depths:5 | Reached XP level 24. HP: 186/195 MP: 23/23
 49712 | Depths:5 | Noticed a caustic shrike
 49712 | Depths:5 | Noticed a caustic shrike
 49712 | Depths:5 | Noticed a caustic shrike
 49712 | Depths:5 | Noticed a caustic shrike
 49801 | Depths:5 | Reached skill level 15 in Armour
 50528 | Slime:1  | Entered Level 1 of the Pits of Slime
 50607 | Slime:1  | Gained mutation: You are dopey. (Int -2) [a shining eye]
 51281 | Slime:2  | Gained mutation: You are very dopey. (Int -4) [a shining
                  | eye]
 51474 | Slime:3  | Reached skill level 14 in Evocations
 51914 | Slime:5  | Entered Level 5 of the Pits of Slime
 51919 | Slime:5  | Reached skill level 10 in Dodging
 52425 | Slime:5  | Noticed the Royal Jelly
 52432 | Slime:5  | Killed the Royal Jelly
 53159 | Slime:5  | Got a slimy rune of Zot
 53195 | Slime:5  | Identified the Incunabulum of the Gliding Rocks
 53199 | Slime:5  | Identified the Collected Works on Shifting Slavery
 53219 | Slime:5  | Identified the +8 war axe of the Hall of Blades {holy,
                  | rF++} (You found it on level 5 of the Pits of Slime)
 53467 | D:13     | You showed the slimy rune of Zot to enter a treasure trove
 53468 | Trove    | Entered a treasure trove
 53471 | Trove    | Found the +3 pair of gauntlets of War {Slay+5}
 53478 | Trove    | Identified the +0 pair of gloves of the Slightly Bent
                  | {Stlth+} (You found it in a treasure trove)
 53480 | Trove    | Identified the +0 pair of gloves "Wats" {rElec rPois rC-
                  | Str+8} (You found it in a treasure trove)
 53482 | Trove    | Identified the +8 plate armour "Kysmoig" {Str+4} (You found
                  | it in a treasure trove)
 53772 | Zot:1    | Entered Level 1 of the Realm of Zot
 53778 | Zot:1    | Reached skill level 18 in Fighting
 54178 | Zot:2    | Reached XP level 25. HP: 191/204 MP: 23/23
 54313 | Zot:2    | Reached skill level 16 in Armour
 54448 | Zot:2    | Reached skill level 11 in Dodging
 54870 | Zot:2    | Reached skill level 15 in Evocations
 55255 | Zot:2    | Noticed a curse toe
 55259 | Zot:2    | Killed a curse toe
 56042 | Zot:4    | Noticed a curse toe
 56053 | Zot:4    | Killed a curse toe
 56487 | Zot:4    | Noticed a curse toe
 56513 | Zot:4    | Killed a curse toe
 56574 | Zot:4    | Reached skill level 12 in Dodging
 56581 | Zot:4    | Reached skill level 17 in Armour
 56666 | Zot:4    | Reached skill level 19 in Fighting
 56691 | Zot:4    | Reached XP level 26. HP: 215/215 MP: 23/23
 56721 | Zot:4    | Noticed an orb of fire
 56736 | Zot:4    | Killed an orb of fire
 56736 | Zot:4    | Reached skill level 16 in Evocations
 56879 | Zot:5    | Entered Level 5 of the Realm of Zot
 57371 | Zot:5    | Noticed an ancient lich
 57379 | Zot:5    | Noticed an orb of fire
 57381 | Zot:5    | Noticed an orb of fire
 57383 | Zot:5    | Noticed an ancient lich
 57388 | Zot:5    | Killed an ancient lich
 57389 | Zot:5    | Gained mutation: Your magical capacity is low. (-10% MP)
                  | [an orb of fire]
 57391 | Zot:5    | Killed an orb of fire
 57391 | Zot:5    | Noticed an orb of fire
 57393 | Zot:5    | Noticed an ancient lich
 57394 | Zot:5    | Killed an orb of fire
 57395 | Zot:5    | Noticed a Killer Klown
 57397 | Zot:5    | Killed an ancient lich
 57397 | Zot:5    | Reached skill level 13 in Dodging
 57407 | Zot:5    | Killed an orb of fire
 57409 | Zot:5    | Noticed an ancient lich
 57413 | Zot:5    | Noticed a Killer Klown
 57416 | Zot:5    | Noticed an orb of fire
 57418 | Zot:5    | Killed an ancient lich
 57418 | Zot:5    | Reached skill level 18 in Armour
 57423 | Zot:5    | Killed a Killer Klown
 57423 | Zot:5    | Reached skill level 17 in Evocations
 57431 | Zot:5    | Killed an orb of fire
 57431 | Zot:5    | Reached XP level 27. HP: 203/224 MP: 20/20
 57441 | Zot:5    | Killed an ancient lich
 57449 | Zot:5    | Killed a Killer Klown
 57672 | Zot:5    | Noticed an ancient lich
 57677 | Zot:5    | Killed an ancient lich
 57746 | Zot:5    | Noticed a Killer Klown
 57758 | Zot:5    | Killed a Killer Klown
 57765 | Zot:5    | Noticed a Killer Klown
 57767 | Zot:5    | Noticed a Killer Klown
 57788 | Zot:5    | Killed a Killer Klown
 57790 | Zot:5    | Reached skill level 14 in Dodging
 57794 | Zot:5    | Killed a Killer Klown
 57958 | Zot:5    | Noticed an ancient lich
 57964 | Zot:5    | Killed an ancient lich
 57964 | Zot:5    | Reached skill level 18 in Evocations
 57994 | Zot:5    | Noticed an ancient lich
 58004 | Zot:5    | Reached skill level 19 in Armour
 58007 | Zot:5    | Killed an ancient lich
 58185 | Zot:5    | Noticed an ancient lich
 58195 | Zot:5    | Killed an ancient lich
 58533 | Zot:5    | Got the Orb of Zot
 58542 | Zot:5    | Reached skill level 15 in Dodging
 59186 | D:$      | Escaped with the Orb!

Illustrated notes

Levels and vault maps discovered:
D:1:      psy_arrival_basics, layout_basic, st_stairs_3
D:2:      layout_loops_corners, grunt_gozag_breadcrumbs,
          overflow_temple_1_default, chequers_ecumenical_altar_simple_redux
D:3:      layout_loops_ring, lemuel_statue_altar, uniq_sigmund, uniq_ijyb,
          uniq_crazy_yiuf_cottage
D:4:      layout_loops_ring, lemuel_doored_altar, nicolae_tso_carved_into_rock,
          gammafunk_ghost_stat_death, uniq_blork_the_orc
D:5:      layout_basic, kennysheep_mini, uniq_prince_ribbit1
D:6:      layout_loops_cross, portal_sewer_entry_e, uniq_pikel, uniq_menkaure
D:7:      layout_loops_ring, minmay_temple_entry_poolview
D:8:      layout_gridville, nicolae_ru_sacrificial_ziggurat, basic_altar,
          serial_shops, kennysheep_little_box, uniq_maurice
D:9:      layout_cave_pools, overflow_temple_1_default,
          kennysheep_orc_monster_closet_entryway, minmay_evil_grid, uniq_joseph,
          uniq_erica
D:10:     layout_roguey, basic_altar, serial_rivers,
          chequers_serial_rivers_room_b, chequers_serial_rivers_micro_c,
          chequers_serial_rivers_small_3, chequers_serial_rivers_marsh,
          chequers_serial_rivers_micro_c
D:11:     layout_rooms, due_lair_maze_entry_diamond, serial_shops,
          nicolae_shop_crystal, shop
D:12:     layout_basic, abandoned_shop, billiards_dpeg
D:13:     layout_roguey, serial_shops, nicolae_shop_window_shopping,
          basic_altar, nicolae_trove_entry_diagonal, uniq_rupert
D:14:     layout_roguey, grunt_vaults_entry_fortified, serial_shops,
          shop_fountains, uniq_nessos
D:15:     gammafunk_depths_entry_grave, layout_basic, drop_trap
Lair:1:   layout_hall_layers, beast_lair_carwin_10, uniq_nergalle
Lair:2:   beast_lair_carwin_large_1, layout_cave_pods, serial_bayou_shore_b
Lair:3:   layout_regular_city, minmay_snake_entry_guardpost_small,
          gammafunk_ghost_cemetery
Lair:4:   layout_gridlike, swamp_mist, minivault_19, minivault_23,
          nicolae_lair_grove_arrangements
Lair:5:   layout_regular_city, gammafunk_ghost_necromancy, nzn_random_ring,
          infiniplex_staircase_pool, grunt_megastairs_5
Lair:6:   cheibrodos_lair_end_hotspot, layout_regular_city,
          nicolae_slime_entry_slimehenge, gammafunk_ghost_necromancy
Swamp:1:  layout_basic_swamp, evilmike_swamp_ruin_house_4
Swamp:2:  layout_falls_marsh, hangedman_swamp_lotus
Swamp:3:  cheibrodos_swamp_monstrosity, layout_basic_swamp,
          evilmike_swamp_ruin_rubble_2, swamp_pool4
Swamp:4:  swamp_fiery, layout_basic_swamp, infiniplex_staircase_pool_2,
          uniq_louise
Snake:1:  layout_honeycomb, minmay_shop_enchanted_jewellery, minmay_shoptagon,
          uniq_frances, uniq_kirke
Snake:2:  layout_chambers
Snake:3:  layout_layer_cave
Snake:4:  snake_pit_salamanders_mu, layout_cave_town, serial_shops, shop, shop,
          nicolae_shop_behind_doors, shop, nicolae_shop_trees, uniq_nikola
Slime:1:  layout_caves, nicolae_slime_barrier
Slime:2:  layout_caves
Slime:3:  layout_caves, uniq_dissolution
Slime:4:  layout_caves
Slime:5
Orc:1:    layout_diamond_mine
Orc:2:    st_orc_ogre_mass, layout_caves
Vaults:1: nicolae_vaults_network_periphery, ontoclasm_vaults_claustrophobia,
          vaults_mumra_lcd, v_alt_pattern_5, ontoclasm_vaults_ring_square,
          vaults_room_stairs_pillars, vaults_dpeg_cross,
          dpeg_vaults_monster_box, layout_vaults_quadrants,
          portal_desolation_entry_garden
Vaults:2: v_misc_18, nicolae_vaults_know_your_exits, ontoclasm_vaults_shuriken,
          nicolae_vaults_rhombus_7, hangedman_vaults_stitches, v_misc_10,
          v_misc_13, v_misc_3, v_misc_26, ontoclasm_vaults_misaligned,
          grunt_vaults_funnel, vaults_dpeg_diagonal, vaults_room_pools,
          nicolae_vaults_diagonal_hallway_8, layout_vaults_ring, basic_altar,
          uniq_jory
Vaults:3: vaults_room_corners, minmay_crypt_entry_simple_plaza, v_misc_27,
          layout_vaults_chaotic_city
Vaults:4: vaults_room_door_ring, v_misc_22, ontoclasm_vaults_eye,
          nicolae_vaults_diagonal_hallway_7, v_misc_26,
          nicolae_vaults_circle_grid_b, v_pattern_3, v_misc_14,
          nicolae_vaults_shelves_hall, ontoclasm_vaults_loading_screen,
          nicolae_vaults_disjoint_gnomons, ontoclasm_vaults_loading_screen,
          layout_vaults_maze_bifur
Depths:1: layout_basic, enter_ziggurat_f, grunt_mini_vestibule,
          lemuel_round_altar, st_stairs_11, hallowed_hall
Depths:2: box_level_dp, hell_entry, uniq_saint_roka
Depths:3: minmay_complete_graph, layout_cave_pools, serial_shops,
          nicolae_shop_trees, mu_enter_wizlab_3, pan_entry,
          pf_vacation_house_of_asmodeus, minmay_tree_intersection,
          doesnt_xom_only_xom, infiniplex_staircase_zigzag_1, uniq_margery
Depths:4: minmay_the_grid_square_5x5_3x3 [minmay_the_grid_square_5x5_inner_v,
          minmay_the_grid_square_5x5_bridge, minmay_the_grid_square_5x5_spiral,
          minmay_the_grid_square_5x5_n_small,
          minmay_the_grid_square_5x5_megaprize_diamond,
          minmay_the_grid_square_5x5_checkered_statues,
          minmay_the_grid_square_5x5_half_checkered,
          minmay_the_grid_square_5x5_three,
          minmay_the_grid_square_5x5_three_small], layout_gridlike, hell_entry,
          abyss_entry_crystal, skrybe_limestone_x, st_stairs_6,
          minmay_mirror_moons_of_madness
Depths:5: grunt_zot_entry_alcove, layout_long_grid, grunt_hell_entry_dis_grunt
Zot:1:    layout_onion_interference, grunt_megastairs_4, uniq_tiamat
Zot:2:    kennysheep_blocky_hall, layout_cathedral_of_symmetry, st_stairs_1
Zot:3:    layout_onion_interference
Zot:4:    layout_gridville, lemuel_lake_of_fire, grunt_megastairs_3
Zot:5:    layout_cathedral_of_symmetry

Skill      XL: |  1  2  3  4  5  6  7  8  9 10 11 12 13 14 15 16 17 18 19 20 21 22 23 24 25 26 27 |
---------------+----------------------------------------------------------------------------------+-----
Stealth        | 2 3 4 |  4.3
Fighting       | 3 4 5 7 8 11 12 13 14 15 16 17 18 19 | 19.9
Armour         | 3 4 8 9 10 11 12 13 14 15 17 18 19 | 19.9
Maces & Flails | 3 5 8 11 12 13 14 | 14.0
Shields        | 2 4 7 9 10 12 15 | 15.0
Dodging        | 2 4 7 9 10 12 13 15 | 15.3
Evocations     | 4 5 6 8 10 12 13 14 15 17 18 | 18.0
Bows           | 1 6 10 12 13 14 16 18 19 20 | 20.0

Action                   |  1- 3 |  4- 6 |  7- 9 | 10-12 | 13-15 | 16-18 | 19-21 | 22-24 | 25-27 || total
-------------------------+-------+-------+-------+-------+-------+-------+-------+-------+-------++-------
Melee: Spear             |   106 |   279 |       |       |       |       |       |       |       ||   385
       Mace              |       |    53 |   108 |       |       |       |       |       |       ||   161
       Flail             |       |       |   383 |    72 |       |       |       |       |       ||   455
       Hand axe          |       |       |       |   221 |       |       |       |       |       ||   221
       Dire flail        |       |       |       |   494 |  1629 |       |       |       |       ||  2123
       Longbow           |       |       |       |       |       |       |       |     1 |       ||     1
 Fire: Longbow           |       |       |       |       |    17 |   939 |  1399 |  1067 |   666 ||  4088
Throw: Boomerang         |       |    11 |    25 |     2 |    35 |       |       |       |       ||    73
Invok: Potion Petition   |       |       |     2 |     1 |       |     3 |     1 |     1 |     2 ||    10
 Abil: Dig               |       |     2 |     8 |    21 |    24 |     9 |       |     6 |     5 ||    75
       Stop Flying       |       |       |       |       |       |     1 |       |       |       ||     1
       Evoke Flight      |       |       |       |       |       |     1 |       |       |       ||     1
Evoke: Wand              |     2 |     4 |    17 |    11 |     9 |     7 |    13 |     1 |     6 ||    70
       Condenser vane    |       |       |       |       |     1 |     2 |     3 |     3 |     2 ||    11
       Tin of tremorston |       |       |       |       |       |       |       |     2 |       ||     2
  Use: Scroll            |       |     8 |     9 |    13 |    12 |    12 |    17 |    16 |     5 ||    92
       Potion            |       |     1 |     1 |       |       |     4 |     1 |     1 |       ||     8
 Stab: Sleeping          |     4 |     5 |       |       |       |       |       |       |       ||     9
       Distracted        |       |     2 |     2 |     7 |     9 |       |       |       |       ||    20
       Paralysed         |       |       |       |     5 |       |       |       |       |       ||     5
       Petrified         |       |       |       |     2 |       |       |       |       |       ||     2
Armor: Leather armour    |    20 |    43 |       |       |       |       |       |       |       ||    63
       Chain mail        |       |    97 |   248 |   113 |    73 |   132 |       |       |       ||   663
       Plate armour      |       |       |       |   156 |   281 |    28 |   136 |       |       ||   601
       Ice dragon scales |       |       |       |       |       |       |     4 |    55 |    33 ||    92
Dodge: Dodged            |    57 |   157 |   142 |   114 |   231 |    93 |    83 |    43 |    58 ||   978
Block: Buckler           |       |       |    13 |    13 |       |       |       |       |       ||    26
       Kite shield       |       |       |       |   315 |   652 |   212 |    44 |       |       ||  1223
       Reflection        |       |       |       |     4 |    15 |    55 |    53 |    35 |     2 ||   164
       Tower shield      |       |       |       |       |       |       |   353 |   174 |   149 ||   676

Table legend: (Time is in decaauts)
 A = Elapsed time spent in this place.
 B = Non-inter-level travel time spent in this place.
 C = Inter-level travel time spent in this place.
 D = Time resting spent in this place.
 E = Time spent auto-exploring this place.
 F = Levels seen in this place.
 G = Mean time per level.
                   A        B        C        D        E       F      G
               +--------+--------+--------+--------+--------+-----+--------+
         Total |  57729 |  52862 |   4867 |   3757 |  36751 |  52 | 1110.2 |
       Dungeon |  19165 |  17079 |   2086 |   1230 |  11581 |  15 | 1277.7 |
          Lair |   7187 |   6558 |    629 |    179 |   5082 |   6 | 1197.8 |
         Swamp |   2816 |   2675 |    141 |      0 |   2175 |   4 |  704.0 |
     Snake Pit |   6089 |   5754 |    335 |    109 |   4471 |   4 | 1522.2 |
    Slime Pits |   2649 |   2548 |    101 |   1349 |    655 |   5 |  529.8 |
  Orcish Mines |   2108 |   1961 |    147 |     16 |   1109 |   2 | 1054.0 |
        Vaults |   6849 |   6231 |    618 |      0 |   4995 |   4 | 1712.2 |
        Depths |   3859 |   3364 |    495 |    165 |   2364 |   5 |  771.8 |
           Zot |   4714 |   4402 |    312 |    622 |   2714 |   5 |  942.8 |
         Trove |     60 |     60 |      0 |      0 |      2 |   1 |   60.0 |
    Desolation |   2227 |   2227 |      0 |     85 |   1603 |   1 | 2227.0 |
               +--------+--------+--------+--------+--------+-----+--------+

Top non-repeatable levels by time:
     D:3: 2463 daAuts
Desolation: 2227 daAuts
Depths:3: 2063 daAuts
 Snake:4: 1880 daAuts
     D:4: 1794 daAuts
Vaults:4: 1770 daAuts
Vaults:2: 1736 daAuts
   Zot:2: 1726 daAuts
Vaults:3: 1716 daAuts
   Zot:5: 1636 daAuts
Vaults:1: 1626 daAuts
     D:1: 1543 daAuts
 Snake:2: 1533 daAuts
 Snake:3: 1499 daAuts
Depths:5: 1458 daAuts
